 Dungeon Crawl Stone Soup version 0.19.1-1-g22dce08 (webtiles) character file.

4748 JeffiDaFish the Basher (level 10, -7/63 HPs)
             Began as a Gargoyle Fighter on Jan 12, 2017.
             Was a Believer of Makhleb.
             Mangled by Gastronok (19 damage)
             ... on level 1 of the Lair of Beasts.
             The game lasted 00:17:52 (7198 turns).

JeffiDaFish the Basher (Gargoyle Fighter)           Turns: 7198, Time: 00:18:12

Health: -7/63      AC: 21    Str: 19    XL:     10   Next: 46%
Magic:  0/10       EV: 13    Int: 10    God:    Makhleb [**....]
Gold:   524        SH: 11    Dex: 12    Spells: 0 memorised, 9 levels left

rFire  . . .     SeeInvis .     l - +1 morningstar
rCold  . . .     Gourm    .     v - +0 chain mail
rNeg   + . .     Faith    .     c - +0 shield
rPois  ∞         Spirit   +     o - +1 helmet
rElec  +         Reflect  .     (no cloak)
rCorr  .         Harm     .     h - +0 pair of gloves
MR     +....                    (no boots)
Stlth  ..........               m - amulet of guardian spirit
                                y - +6 ring of evasion
                                k - ring of protection from magic

@: about to teleport, slowed, very slow
A: negative energy resistance 1, electricity resistance, unbreathing,
petrification resistance, rot immunity, AC +7
a: Minor Destruction, Renounce Religion


You were on level 1 of the Lair of Beasts.
You worshipped Makhleb.
Makhleb was pleased with you.
You were hungry.

You visited 3 branches of the dungeon, and saw 10 of its levels.

You collected 524 gold pieces.

Inventory:

Hand Weapons
 l - a +1 morningstar (weapon)
Armour
 c - a +0 shield (worn)
 h - a +0 pair of gloves (worn)
 o - a +1 helmet (worn)
 v - a +0 chain mail (worn)
Jewellery
 k - a ring of protection from magic (left hand)
 m - an amulet of guardian spirit (around neck)
 y - a +6 ring of evasion (right hand)
Scrolls
 a - 2 scrolls of magic mapping
 p - a scroll of fear
 q - a scroll of teleportation
 r - 2 scrolls of recharging
 s - 2 scrolls of amnesia
 w - 7 scrolls of remove curse
 x - a scroll of blinking
Potions
 d - 5 potions of might
 t - 4 potions of curing
 u - 2 potions of ambrosia
 z - a potion of resistance
 A - a potion of brilliance
Comestibles
 b - 5 fruits
 f - 11 bread rations
 g - 4 chunks of flesh
 i - 2 slices of pizza
 j - 7 meat rations
 n - 2 beef jerkies


   Skills:
 + Level 7.3 Fighting
 + Level 10.1 Maces & Flails
 + Level 6.9 Armour
 + Level 3.1 Dodging
 + Level 1.0 Stealth
 + Level 7.9 Shields


You had 9 spell levels left.
You didn't know any spells.

Dungeon Overview and Level Annotations

Branches:
Dungeon (8/15)             Temple (1/1) D:4            Lair (1/6) D:8

Altars:
Ashenzari
Cheibriados
Dithmenos
Elyvilon
Fedhas
Gozag
Hepliaklqana
Kikubaaqudgha
Makhleb
Nemelex Xobeh
Okawaru
Qazlal
Ru
Sif Muna
Trog
Uskayaw
Vehumet
Xom
Yredelemnul
Zin
The Shining One

Shops:
D:5 [   D:8 (

Annotations:
Lair:1 Gastronok


Innate Abilities, Weirdness & Mutations

You are resistant to torment.
Your stone body is resilient. (AC +7)
You are immune to poison.
You resist negative energy. (rN+)
You are resistant to electric shocks. (rElec)
You can survive without breathing.
You are immune to petrification.
You are immune to rotting.


Message History

The spiny frog stings you. The komodo dragon bites you!
* * * LOW HITPOINT WARNING * * *
Your surroundings seem slightly different.
Gastronok closely misses you.
Gastronok sloshes about.
Gastronok waves his eye-stalks in wide circles.
The air twists around and strikes you!
* * * LOW HITPOINT WARNING * * *
The komodo dragon misses you.
You feel much better. The spiny frog barely misses you.
The komodo dragon bites you but does no damage.
The spiny frog closely misses you.
As you read the scroll of teleportation, it crumbles to dust.
You feel strangely unstable.
The spiny frog stings you but does no damage.
The komodo dragon barely misses you. The spiny frog stings you!
* * * LOW HITPOINT WARNING * * *
The komodo dragon completely misses you.
Gastronok bites you!!
You die...

.P.P....♣ ........♣♣ P.♣
... .P.......♣ ♣P.. ..
.........## ..PP ..
..........#♣♣P.♣ .## #
......(..##.♣P.♣#..# .#
..........#.♣#..#..#..#
###...##.##.#......#..##
#..............@.......
##..#..#.P.....wlF......
....##♣..##/............
....# ♣♣.♣♣##...(......#
....♣ ♣)♣ ♣......##..#
##..♣


P.P ♣..(........ ##.♣♣ ...P ♣♣.....##... ##. ..... ♣..##.# .# ##... ...# ... .
You could see Gastronok, a komodo dragon and a spiny frog.

Vanquished Creatures
  The ghost of elan the Martial Artist, a novice OpTm of Ru (Lair:1)
  A spiny frog (Lair:1)
  A wyvern (D:8)
  A spriggan (D:8)
  A porcupine (Lair:1)
  2 hell hounds (D:8)
  A sky beast (D:5)
  2 ice beasts
  4 ogres
  A black bear (D:6)
  An orc warrior (D:8)
  A phantom (D:7)
  A centaur (D:8)
  A crocodile (Lair:1)
  3 bullfrogs
  A water moccasin zombie (D:5)
  4 scorpions
  14 killer bees
  3 howler monkeys
  4 crimson imps
  5 hounds
  2 jellies
  5 orc priests
  A bullfrog skeleton (D:7)
  A centaur skeleton (D:5)
  2 orc wizards (D:8)
  7 worker ants
  2 hound skeletons
  A worker ant zombie (D:6)
  14 adders
  3 gnolls (D:5)
  2 river rats (D:3)
  A shadow imp (D:8)
  An adder zombie (D:8)
  2 worms
  A dart slug (D:3)
  2 leopard geckos
  16 orcs
  6 giant cockroaches
  5 goblins
  7 hobgoblins
  7 jackals
  3 quokkas
  3 ball pythons
  5 bats
  3 frilled lizards
  7 kobolds
  A leopard gecko skeleton (D:8)
  A leopard gecko zombie (D:8)
  A quokka zombie (D:5)
  7 rats
172 creatures vanquished.

Notes
Turn   | Place    | Note
-------+----------+-------------------------------------------
     0 | D:1      | JeffiDaFish the Gargoyle Fighter began the quest for the Orb.
     0 | D:1      | Reached XP level 1. HP: 14/14 MP: 1/1
   186 | D:1      | Reached XP level 2. HP: 19/19 MP: 2/2
   527 | D:1      | You fall through a shaft!
   594 | D:2      | You fall through a shaft for 2 floors!
   669 | D:4      | Found a sacrificial altar of Ru.
   681 | D:4      | Reached XP level 3. HP: 21/24 MP: 3/3
   765 | D:3      | Found a hazy altar of Hepliaklqana.
   904 | D:3      | Reached skill level 3 in Maces & Flails
   904 | D:3      | Reached XP level 4. HP: 24/29 MP: 4/4
  1191 | D:2      | Reached skill level 1 in Dodging
  1191 | D:2      | Reached XP level 5. HP: 14/33 MP: 5/5
  1369 | D:2      | Found a blossoming altar of Fedhas.
  1486 | D:2      | Found a radiant altar of Vehumet.
  1806 | D:3      | Found a bloodstained altar of Trog.
  2135 | D:3      | Noticed a dagger
  2136 | D:3      | Noticed a dagger
  2159 | D:3      | Found a hide-covered altar of Uskayaw.
  2267 | D:3      | Found a shadowy altar of Dithmenos.
  2596 | D:4      | Noticed an ogre
  2602 | D:4      | Killed an ogre
  2602 | D:4      | Reached skill level 4 in Maces & Flails
  2602 | D:4      | Reached XP level 6. HP: 34/39 MP: 6/6
  2772 | D:4      | Reached skill level 5 in Maces & Flails
  2772 | D:4      | Reached XP level 7. HP: 30/44 MP: 7/7
  2870 | D:4      | Found a staircase to the Ecumenical Temple.
  2876 | Temple   | Entered the Ecumenical Temple
  3026 | Temple   | Became a worshipper of Makhleb the Destroyer
  3178 | D:4      | Found a faded altar of an unknown god.
  3178 | D:4      | Found a faded altar of an unknown god.
  3365 | D:4      | Found a basalt altar of Yredelemnul.
  3367 | D:4      | Found a faded altar of an unknown god.
  3369 | D:4      | Found a faded altar of an unknown god.
  3518 | D:5      | Entered Level 5 of the Dungeon
  3550 | D:5      | Reached skill level 5 in Fighting
  3550 | D:5      | Reached skill level 6 in Maces & Flails
  3648 | D:5      | Found Unorof's Antique Armour Emporium.
  3704 | D:5      | Reached XP level 8. HP: 49/49 MP: 8/8
  3789 | D:5      | Reached skill level 5 in Shields
  4056 | D:5      | Found a bloodstained altar of Trog.
  4079 | D:5      | Reached * piety under Makhleb
  4317 | D:6      | Reached skill level 7 in Maces & Flails
  4413 | D:6      | Reached skill level 5 in Armour
  4473 | D:6      | Found a stormy altar of Qazlal.
  4503 | D:6      | Found a glowing silver altar of Zin.
  4526 | D:6      | Found a white marble altar of Elyvilon.
  5063 | D:7      | Reached XP level 9. HP: 54/55 MP: 9/9
  5088 | D:7      | Reached skill level 8 in Maces & Flails
  5519 | D:8      | Found a staircase to the Lair.
  5547 | D:8      | Reached skill level 1 in Stealth
  5727 | D:8      | Reached skill level 9 in Maces & Flails
  5923 | D:8      | Reached ** piety under Makhleb
  6547 | D:8      | Reached XP level 10. HP: 53/61 MP: 8/10
  6647 | D:8      | Found Worez's Antique Weapon Shop.
  6991 | Lair:1   | Entered Level 1 of the Lair of Beasts
  7063 | Lair:1   | Noticed a spiny frog
  7070 | Lair:1   | Killed a spiny frog
  7104 | Lair:1   | Noticed elan's ghost (novice OpTm)
  7123 | Lair:1   | Killed elan's ghost
  7123 | Lair:1   | Reached skill level 10 in Maces & Flails
  7180 | Lair:1   | Noticed Gastronok
  7183 | Lair:1   | Noticed a spiny frog
  7198 | Lair:1   | Mangled by Gastronok

Skill      XL: |  1  2  3  4  5  6  7  8  9 10 |
---------------+-------------------------------+-----
Fighting       | 4 5 6 7 |  7.3
Maces & Flails | 3 4 5 6 7 9 10 | 10.1
Dodging        | 1 2 3 |  3.1
Armour         | 4 5 6 |  6.9
Shields        | 4 5 7 |  7.9
Stealth        | 1 |  1.0

Action                   |  1- 3 |  4- 6 |  7- 9 | 10-12 || total
-------------------------+-------+-------+-------+-------++-------
Melee: Flail             |    70 |       |       |       ||    70
       Morningstar       |    23 |   198 |   556 |    91 ||   868
  Use: Scroll            |     9 |     3 |     8 |     3 ||    23
       Potion            |     5 |     1 |     4 |     3 ||    13
  Eat: Chunk             |       |     6 |    14 |     2 ||    22
Armor: Scale mail        |    46 |   134 |    73 |       ||   253
       Chain mail        |       |       |   247 |    27 ||   274
Dodge: Dodged            |    30 |    85 |   257 |    40 ||   412
Block: Shield            |    38 |   112 |   358 |    46 ||   554
